 Dungeon Crawl Stone Soup version 0.28.0-53-g5a82cb258f (webtiles) character file.

Game seed: 14899749729204621490

1751 issech the Protected (level 8, -1/70 HPs)
             Began as a Minotaur Monk on June 1, 2022.
             Slain by an orc warrior
             ... wielding a +0 glaive
              (13 damage)
             ... on level 6 of the Dungeon.
             The game lasted 00:14:38 (6504 turns).

issech the Protected (Minotaur Monk)                Turns: 6504, Time: 00:14:39

Health: -1/70      AC: 12    Str: 16    XL:     8   Next: 78%
Magic:  0/7        EV:  9    Int: 10    God:
Gold:   250        SH:  0    Dex: 15    Spells: 7/7 levels left

rFire   . . .      SeeInvis .   E - +3 mace of Fate {venom, rF- rCorr Int+3}
rCold   . . .      Faith    .   (no shield)
rNeg    + . .      Spirit   +   h - +0 chain mail
rPois   .          Reflect  .   (helmet restricted)
rElec   .          Harm     .   (no cloak)
rCorr   +          Rampage  .   o - +0 pair of gloves
Will    .....                   (no boots)
Stlth   ..........              w - amulet of guardian spirit
HPRegen 0.21/turn               B - ring of positive energy
MPRegen 0.10/turn               C - ring of protection from fire

@: no status effects
A: horns 2, retaliatory headbutt
a: no special abilities


You were on level 6 of the Dungeon.
You visited 2 branches of the dungeon, and saw 7 of its levels.

You collected 250 gold pieces.

Inventory:

Hand Weapons
 a - a +0 hand axe
 i - a +0 hunting sling
 j - a +1 dagger of draining
 n - a +0 great sword
 A - a +2 short sword of holy wrath
 E - the +3 mace of Fate (weapon) {venom, rF- rCorr Int+3}
   (You found it on level 4 of the Dungeon)

   It poisons the flesh of those it strikes.
   Int:       It affects your intelligence (+3).
   rF:        It makes you vulnerable to fire.
   rCorr:     It protects you from acid and corrosion.
 I - a +0 shortbow
Missiles
 c - 17 poisoned darts (quivered)
 g - 86 arrows
 k - 134 stones
 m - 49 bolts
 y - 28 sling bullets
 H - 4 javelins
 J - 4 atropa-tipped darts
 P - 5 silver boomerangs
Armour
 b - a +0 robe
 f - a +0 leather armour
 h - a +0 chain mail (worn)
 l - a +0 helmet
 o - a +0 pair of gloves (worn)
 p - an orb of guile
 T - a +2 robe of fire resistance
Jewellery
 s - an amulet of the acrobat
 w - an amulet of guardian spirit (around neck)
 B - a ring of positive energy (left hand)
 C - a ring of protection from fire (right hand)
 F - a ring of fire
Wands
 Q - a wand of mindburst (11)
 U - a wand of iceblast (9)
Scrolls
 q - 2 scrolls of teleportation
 r - 2 scrolls of amnesia
 x - a scroll of magic mapping
 G - a scroll of enchant weapon
 K - a scroll of fog
 L - 2 scrolls of vulnerability {unknown}
 M - 2 scrolls of fear {unknown}
 N - a scroll of holy word {unknown}
 V - a scroll of identify
 W - a scroll of blinking {unknown}
Potions
 d - a potion of haste {unknown}
 e - 2 potions of flight {unknown}
 t - a potion of curing
 u - a potion of resistance {unknown}
 v - 2 potions of degeneration {unknown}
 z - a potion of attraction {unknown}
 D - a potion of brilliance
 O - 3 potions of mutation {unknown}
 R - a potion of heal wounds {unknown}
 S - a potion of lignification {unknown}


   Skills:
 + Level 6.3 Fighting
 + Level 3.6 Short Blades
 + Level 5.1(6.3) Axes
 + Level 5.6(6.6) Maces & Flails
 + Level 0.5(0.8) Slings
 + Level 0.5(0.7) Throwing
 + Level 8.3 Armour
 + Level 4.4 Dodging
 + Level 2.2 Stealth


You had 7 spell levels left.
You didn't know any spells.
Your spell library contained the following spells:

 Spells                   Type           Power      Damage    Failure   Level
 Magic Dart               Conj           0%         1d3       99%         1
 Summon Small Mammal      Summ           0%         N/A       99%         1
 Ensorcelled Hibernation  Hex/Ice        0%         N/A       100%        2
 Passwall                 Tmut/Erth      0%         N/A       100%        2
 Searing Ray              Conj           0%         2d4       100%        2
 Call Canine Familiar     Summ           0%         N/A       100%        3
 Ignite Poison            Fire/Tmut/Pois 0%         N/A       100%        3
 Mephitic Cloud           Conj/Pois/Air  0%         N/A       100%        3
 Portal Projectile        Hex/Tloc       0%         N/A       100%        3
 Summon Guardian Golem    Hex/Summ       0%         N/A       100%        3
 Swiftness                Air            0%         N/A       100%        3
 Fulminant Prism          Conj/Hex       0%         3d6       100%        4
 Leda's Liquefaction      Hex/Erth       0%         N/A       100%        4
 Freezing Cloud           Conj/Ice/Air   0%         6-21      100%        5


Dungeon Overview and Level Annotations

Branches:
Dungeon (6/15)             Temple (1/1) D:4

Altars:
Ashenzari
Dithmenos
Elyvilon
Fedhas
Gozag
Kikubaaqudgha
Makhleb
Nemelex Xobeh
Okawaru
Qazlal
Ru
Sif Muna
Trog
Vehumet
Wu Jian
Xom
Yredelemnul
The Shining One

Annotations:
D:6 3 runed translucent doors, quokkamancerX's ghost, novice HOFi


Innate Abilities, Weirdness & Mutations

You have a pair of horns on your head.
You reflexively headbutt those who attack you in melee.


Message History

The orc priest shouts!
An orc wizard comes into view. It is wielding a +0 dagger.
The orc priest invokes the aid of Beogh against you.
Beogh smites you!
The orc wizard casts a spell.
The orc wizard flickers and vanishes!
Deactivating autopickup; reactivate with Ctrl-A.
The orc hits you but does no damage.
The orc warrior hits you from afar with a +0 glaive!
You completely miss the orc. You headbutt the orc!
You kill the orc!
The orc priest looks encouraged for a moment.
The orc warrior barely misses you. The orc priest closely misses you.
You furiously retaliate!
You headbutt the orc priest! Something hits you but does no damage.
The orc warrior barely misses you. You furiously retaliate!
You headbutt the orc warrior.
Things that are here:
a +0 war axe; a +0 ring mail; an orc corpse You hit the orc warrior.
The orc warrior is poisoned.
The orc warrior is lightly wounded.
The orc priest hits you but does no damage.
Something hits you but does no damage.
The orc warrior hits you with a +0 glaive!!
The orc warrior hits you from afar with a +0 glaive!
You sock the orc priest!
You kill the orc priest!
The orc warrior hits you from afar with a +0 glaive!
* * * LOW HITPOINT WARNING * * *
You see here an iguana corpse.
You hear some strange, mumbled words.
Something tries to affect you, but you resist.
A puff of flame appears from out of thin air!
The puff of flame hits you.
* * * LOW HITPOINT WARNING * * *
The orc warrior barely misses you. Something hits you but does no damage.
You sock the orc warrior!
The orc warrior is almost dead.
The orc warrior hits you with a +0 glaive!
You die...

#≈§ ≈§.# #≈# #≈.# ###≈# #≈.###
#^.≈###≈...# #####
#..≈≈≈≈§...###### .....
#......§........# #####
.....###...............# #.. .
.....)......§..o@......# #.#
.....###.......{.......######.###
....?# #.........................
.....# #.........................
.....# #.........................
.....# ####.######...............
.....# #.# ####+#.#.#......
###..######.# ##....#.#.#.#####
............. .... .............


You could see an orc warrior (poisoned).

Vanquished Creatures
  Prince Ribbit (D:6)
  Duvessa (D:6)
  A sky beast (D:5)
  A black bear (D:4)
  2 centaurs
  2 phantoms (D:5)
  A bullfrog (D:6)
  2 scorpions
  Dowan (D:6)
  3 wights (D:6)
  A bullfrog zombie (D:5)
  A hound (D:6)
  A gnoll shaman (D:5)
  3 orc priests
  2 bullfrog skeletons
  4 iguanas
  Jessica (D:3)
  An orc wizard (D:3)
  A scorpion zombie (D:5)
  2 killer bee zombies
  A hound skeleton (D:5)
  3 gnolls (D:5)
  5 adders
  An ufetubus (D:6)
  8 orcs
  10 endoplasms
  6 hobgoblins
  6 ball pythons
  4 bats
  2 frilled lizards (D:3)
  5 goblins
  5 kobolds
  5 rats
93 creatures vanquished.

Vanquished Creatures (others)
  A human (D:5)
1 creature vanquished.

Grand Total: 94 creatures vanquished

Notes
Turn   | Place    | Note
-------+----------+-------------------------------------------
     0 | D:1      | issech the Minotaur Monk began the quest for the Orb.
     0 | D:1      | Reached XP level 1. HP: 19/19 MP: 0/0
   404 | D:1      | Reached XP level 2. HP: 24/27 MP: 1/1
   556 | D:1      | Found a faded altar of an unknown god.
   875 | D:2      | Found a shimmering blue altar of Sif Muna.
   886 | D:2      | Reached skill level 1 in Armour
   926 | D:1      | HP: 1/27 [poisoned by an adder]
  1218 | D:2      | Reached XP level 3. HP: 33/33 MP: 2/2
  1382 | D:2      | Reached skill level 2 in Armour
  1605 | D:3      | Found a white marble altar of Elyvilon.
  1623 | D:3      | Noticed Jessica
  1629 | D:3      | Killed Jessica
  1630 | D:3      | Reached XP level 4. HP: 34/40 MP: 3/3
  1913 | D:3      | Reached skill level 3 in Armour
  1933 | D:3      | Reached XP level 5. HP: 24/47 MP: 2/4
  2691 | D:4      | Noticed a black bear
  2700 | D:4      | Killed a black bear
  2701 | D:4      | Reached skill level 1 in Short Blades
  2701 | D:4      | Reached skill level 5 in Axes
  2701 | D:4      | Reached skill level 4 in Armour
  2701 | D:4      | Reached XP level 6. HP: 34/53 MP: 3/5
  3258 | D:4      | Identified the +3 mace of Fate {venom, rF- rCorr Int+3}
  3660 | D:4      | Found a staircase to the Ecumenical Temple.
  3739 | D:4      | Found a radiant altar of Vehumet.
  3783 | Temple   | Entered the Ecumenical Temple
  4083 | D:5      | Entered Level 5 of the Dungeon
  4200 | D:5      | Reached skill level 5 in Armour
  4293 | D:5      | Reached XP level 7. HP: 60/60 MP: 6/6
  4376 | D:5      | Reached skill level 5 in Fighting
  4376 | D:5      | Reached skill level 1 in Maces & Flails
  4604 | D:5      | Found an ancient bone altar of Kikubaaqudgha.
  4613 | D:5      | Noticed a human
  4615 | D:5      | Killed a human
  4738 | D:5      | Found a stormy altar of Qazlal.
  4738 | D:5      | Found a faded altar of an unknown god.
  4746 | D:5      | Found a glowing golden altar of the Shining One.
  4749 | D:5      | Found a broken altar of Ashenzari.
  4751 | D:5      | Found a sparkling altar of Nemelex Xobeh.
  4819 | D:5      | Reached skill level 6 in Armour
  5487 | D:6      | Reached XP level 8. HP: 33/67 MP: 3/7
  5509 | D:6      | Reached skill level 7 in Armour
  5671 | D:6      | Noticed Duvessa
  5685 | D:6      | Noticed Dowan
  5694 | D:6      | Killed Duvessa
  5702 | D:6      | Killed Dowan
  6253 | D:6      | Noticed Prince Ribbit
  6258 | D:6      | Killed Prince Ribbit
  6259 | D:6      | Reached skill level 5 in Maces & Flails
  6259 | D:6      | Reached skill level 8 in Armour
  6326 | D:6      | Found a burning altar of Makhleb.
  6369 | D:6      | Found a runed translucent gate.
  6369 | D:6      | Found a runed translucent gate.
  6369 | D:6      | Found a runed translucent gate.
  6425 | D:6      | Noticed quokkamancerX's ghost (novice HOFi)
  6504 | D:6      | Slain by an orc warrior

Illustrated notes

Levels and vault maps discovered:
D:1:      psy_arrival_terrarium, layout_loops_cross,
          shapermc_ecumenical_altar_starsandcircs
D:2:      layout_rooms, basic_altar, minmay_tree_intersection
D:3:      layout_loops_cross, mainiacjoe_overflow_small_starburst, uniq_jessica
D:4:      layout_layer_cave, nicolae_vehumet_radiance,
          minmay_temple_entry_nine_rooms
D:5:      layout_rooms, tgw_kikubaaqudgha, chequers_temple_overflow_minitemple,
          serial_corexii_hall, corexii_hall_statues_x, corexii_hall_statues_u,
          corexii_hall_statues_u, chequers_hall_statues_wall_a,
          grunt_decor_one_mirror, st_stairs_1
D:6:      layout_basic, kennysheep_little_box, kennysheep_mini_moat,
          mainiacjoe_overflow_alcove_1, gammafunk_ghost_icy,
          uniq_prince_ribbit1, uniq_duvessa
Temple:   eino_wide_crystal_templ

Skill      XL: |  1  2  3  4  5  6  7  8 |
---------------+-------------------------+-----
Fighting       | 4 5 6 |  6.3
Armour         | 1 2 3 4 5 6 8 |  8.3
Axes           | 4 5 |  5.1
Dodging        | 4 |  4.4
Short Blades   | 1 2 3 |  3.6
Stealth        | 2 |  2.2
Maces & Flails | 3 5 |  5.6
Slings         | |  0.5
Throwing       | |  0.5

Action                   |  1- 3 |  4- 6 |  7- 9 || total
-------------------------+-------+-------+-------++-------
Melee: Hand axe          |    57 |       |       ||    57
       Headbutt          |    15 |    20 |    25 ||    60
       Punch             |     2 |     1 |     2 ||     5
       Dagger            |     3 |    54 |       ||    57
       Short sword       |       |    33 |    10 ||    43
       Mace              |       |    20 |   109 ||   129
 Fire: Hunting sling     |     1 |       |       ||     1
Throw: Dart              |       |     3 |       ||     3
  Use: Scroll            |       |       |     5 ||     5
Armor: Chain mail        |    42 |    61 |    79 ||   182
Dodge: Dodged            |    32 |    58 |    63 ||   153
